 Dungeon Crawl Stone Soup version 0.31-a0-977-gc230f8ef24 (webtiles) character file.

Game seed: 5615694306135334887

1736 Conn the Conjurer (level 9, -1/51 HPs)
             Began as an Octopode Fire Elementalist on Oct 29, 2023.
             Was a Follower of Sif Muna.
             Slain by a wight
             ... wielding a +0 scimitar
              (18 damage)
             ... on level 6 of the Dungeon.
             The game lasted 00:08:45 (4511 turns).

Conn the Conjurer (Octopode Fire Elementalist)      Turns: 4511, Time: 00:08:46

Health: -1/51      AC:  1    Str:  8    XL:     9   Next: 5%
Magic:  2/16       EV: 19    Int: 21    God:    Sif Muna [*.....]
Gold:   293        SH:  0    Dex: 12    Spells: 8/18 levels left

rFire   . . .        c - +2 dagger (venom)
rCold   . . .        (no shield)
rNeg    . . .        (helmet restricted)
rPois   .            n - amulet of the acrobat
rElec   .            q - +5 ring of evasion
rCorr   .            (no ring)
SInv    .            (no ring)
Will    .....        (no ring)
Stlth   ++++         (no ring)
HPRegen 0.28/turn    (no ring)
MPRegen 0.15/turn    (no ring)
                     (no ring)

%: acrobat
@: no status effects
A: almost no armour, amphibious, 8 rings, camouflage 1, gelatinous body 1,
(nimble swimmer 1), tentacles
a: Renounce Religion, Channel Magic


You were on level 6 of the Dungeon.
You worshipped Sif Muna.
Sif Muna was aware of your devotion.
You visited 2 branches of the dungeon, and saw 7 of its levels.

You collected 293 gold pieces.

Inventory:

Hand Weapons
 c - a +2 dagger of venom (weapon)
 r - a +2 mace of protection
Jewellery
 n - an amulet of the acrobat (around mantle)
 q - a +5 ring of evasion (left tentacle)
Talismans
 b - a storm talisman
Wands
 p - a wand of iceblast (5)
Scrolls
 e - a scroll of vulnerability {unknown}
 f - a scroll of summoning {unknown}
 g - a scroll of amnesia {unknown}
 h - 2 scrolls of enchant weapon {unknown}
 i - 6 scrolls of identify {unknown}
 j - 2 scrolls of teleportation {unknown}
 l - a scroll of noise {unknown}
 m - a scroll of enchant armour {unknown}
 o - 3 scrolls of fear {unknown}
 s - a scroll of blinking {unknown}
 t - a scroll of acquirement {unknown}
 u - a scroll of poison {unknown}
Potions
 a - 4 potions of magic
 d - 4 potions of curing {unknown}
 k - 2 potions of haste {unknown}


   Skills:
 + Level 4.8 Dodging
 - Level 5.0 Stealth
 * Level 5.3 Spellcasting
 * Level 5.4 Conjurations
 * Level 4.1 Hexes
 + Level 5.2 Fire Magic


You had 8 spell levels left.
You knew the following spells:

 Your Spells              Type           Power      Damage    Failure   Level
a - Foxfire               Conj/Fire      100%       2x1d9     1%          1
b - Scorch                Fire           54%        2d7       1%          2
c - Inner Flame           Hex/Fire       25%        N/A       4%          3
d - Flame Wave            Conj/Fire      27%        2d9       12%         4

Your spell library contained the following spells:

 Spells                   Type           Power      Damage    Failure   Level
 Magic Dart               Conj           100%       1d8       1%          1
 Searing Ray              Conj           56%        2d6       1%          2
 Sting                    Tmut/Pois      20%        1d4       11%         1
 Volatile Blastmotes      Fire/Tloc      32%        2d12      11%         3
 Fulminant Prism          Conj/Hex       12%        3d9       14%         4
 Poisonous Vapours        Pois/Air       10%        N/A       16%         2
 Olgreb's Toxic Radiance  Pois           5%         N/A       71%         4


Dungeon Overview and Level Annotations

Branches:
Dungeon (6/15)             Temple (1/1) D:4

Altars:
Cheibriados
Dithmenos
Elyvilon
Fedhas
Gozag
Hepliaklqana
Kikubaaqudgha
Makhleb
Nemelex Xobeh
Qazlal
Ru
Sif Muna
Trog
Uskayaw
Vehumet
Wu Jian
Xom
Yredelemnul
Zin
The Shining One


Innate Abilities, Weirdness & Mutations

You cannot wear most types of armour.
You are amphibious.
You can wear up to eight rings at the same time.
Your skin changes colour to match your surroundings (Stealth+).
Your rubbery body absorbs attacks. (AC +1, EV +1)
((You are camouflaged when in or above water. (Stealth+)))
You have tentacles for arms and can constrict up to eight enemies at once.


Message History

Flames lash the hound.
The hound is burned terribly!
The hound is almost dead.
You constrict the wight, but do no damage.
The hound closely misses you. The wight barely misses you.
The hound closely misses you.
Casting: Scorch (safe; 2% risk of failure)
Confirm with . or Enter, or press ? or * to list all spells.
Flames lash the phantom.
The phantom is burned terribly!
The phantom is almost destroyed.
You constrict the wight, but do no damage.
The hound stops to sniff the ground.
The hound misses you. The wight hits you with a +0 scimitar!
You feel drained.
Casting: Scorch (safe; 2% risk of failure)
Confirm with . or Enter, or press ? or * to list all spells.
Flames lash the phantom.
The phantom is burned terribly!
You destroy the phantom!
Sif Muna accepts your kill.
You constrict the wight. The hound closely misses you.
The wight closely misses you. The hound misses you.
Your life force feels restored.
You have reached level 9!
Your experience leads to an increase in your attributes!
Increase (S)trength, (I)ntelligence, or (D)exterity?
You feel clever. x2
Unknown command.
Casting: Scorch (safe; 1% risk of failure)
Confirm with . or Enter, or press ? or * to list all spells.
Flames lash the hound.
The hound is burned terribly!
You kill the hound!
Sif Muna accepts your kill.
You constrict the wight, but do no damage.
The wight barely misses you.
Unknown command.
Unknown command.
Casting: Scorch (safe; 1% risk of failure)
Confirm with . or Enter, or press ? or * to list all spells.
Flames lash the wight but do no damage.
You constrict the wight, but do no damage.
The wight hits you with a +0 scimitar!!
You die...

#.##
#.#....####.##.....
#######... #......#
#.##.####
#...........##########
#........
#.......§..v#....#
####.###.
#...........#.88.#
###.###.
#...........#.88.#
#.......
............'....#
#.#.####
............####'#
#.#..... .._.........#
#.@# #.#..###
............# #†z#
#.......
8....#########.###
#....### .......## #.
#....# .._..#..### #.
###....# .....##...# #
#...)..# .....####.#
####.##...# .#####
#.## #.........# #
#..### #.#####.....


You could see a wight.

Vanquished Creatures
  Menkaure (D:5)
  Edmund (D:6)
  A water moccasin (D:5)
  A black bear (D:4)
  An orc warrior (D:5)
  A centaur (D:5)
  2 ogres
  3 phantoms
  A bullfrog (D:5)
  3 scorpions
  8 hounds
  A sleepcap (D:5)
  Natasha (thrice) (D:4)
  2 orc wizards (D:5)
  3 gnolls
  2 adders
  An ufetubus (D:6)
  An adder zombie (D:2)
  2 worms (D:2)
  A dart slug (D:3)
  10 orcs
  5 ball pythons
  3 bat skeletons (D:2)
  2 bat zombies (D:2)
  6 endoplasms
  2 giant cockroaches
  4 goblins
  2 hobgoblins
  3 quokkas
  3 bats
  2 frilled lizards
  A kobold (D:1)
  A quokka skeleton (D:2)
  3 rats
86 creatures vanquished.

Vanquished Creatures (others)
  143 foxfires
143 creatures vanquished.

Grand Total: 229 creatures vanquished

Notes
Turn   | Place    | Note
-------+----------+-------------------------------------------
     0 | D:1      | Conn the Octopode Fire Elementalist began the quest for the
                  | Orb.
     0 | D:1      | Reached XP level 1. HP: 11/11 MP: 3/3
   448 | D:1      | Reached XP level 2. HP: 10/17 MP: 5/5
   488 | D:1      | Learned a level 2 spell: Scorch
   895 | D:2      | Reached XP level 3. HP: 21/21 MP: 6/6
   899 | D:2      | Learned a level 3 spell: Inner Flame
   940 | D:2      | Found a radiant altar of Vehumet.
  1469 | D:3      | Reached XP level 4. HP: 23/27 MP: 2/7
  1471 | D:4      | Found a staircase to the Ecumenical Temple.
  1641 | Temple   | Entered the Ecumenical Temple
  1649 | Temple   | Became a worshipper of Sif Muna the Loreminder
  1705 | D:4      | Noticed a black bear
  1713 | D:4      | Killed a black bear
  1714 | D:4      | Reached XP level 5. HP: 25/31 MP: 0/9
  1830 | D:4      | Noticed Natasha
  1834 | D:4      | Killed Natasha
  1893 | D:4      | Reached XP level 6. HP: 36/36 MP: 1/10
  2184 | D:4      | Noticed Natasha
  2188 | D:4      | Killed Natasha
  2194 | D:4      | Reached skill level 5 in Stealth
  2359 | D:4      | Noticed Natasha
  2372 | D:4      | Killed Natasha
  2513 | D:4      | Learned a level 4 spell: Flame Wave
  2529 | D:5      | Entered Level 5 of the Dungeon
  2579 | D:5      | Reached XP level 7. HP: 41/41 MP: 7/12
  2648 | D:5      | Noticed Menkaure
  2715 | D:5      | Killed Menkaure
  2716 | D:5      | Reached skill level 1 in Hexes
  3058 | D:5      | Reached XP level 8. HP: 46/46 MP: 14/14
  3777 | D:5      | Reached * piety under Sif Muna
  3778 | D:5      | Reached skill level 5 in Fire Magic
  4002 | D:6      | Noticed Edmund
  4014 | D:6      | Killed Edmund
  4015 | D:6      | Reached skill level 5 in Conjurations
  4026 | D:6      | Reached skill level 5 in Spellcasting
  4356 | D:6      | Found an ornate altar of the Wu Jian Council.
  4359 | D:6      | Found a glowing silver altar of Zin.
  4360 | D:6      | Found a shimmering altar of Xom.
  4360 | D:6      | Found a sparkling altar of Nemelex Xobeh.
  4510 | D:6      | Reached XP level 9. HP: 16/51 MP: 5/16
  4511 | D:6      | Slain by a wight

Illustrated notes

Levels and vault maps discovered:
D:1:      amcnicky_arrival_flooded_fountain, layout_basic
D:2:      layout_basic, serial_undead, serial_undead_e, serial_undead_b,
          serial_undead_c, serial_undead_d, basic_altar,
          dreamdust_princess_corridor
D:3:      layout_basic, minmay_hedge_maze, kennysheep_boxes
D:4:      layout_cave_pools, temple_pool_b, uniq_natasha
D:5:      layout_loops_corners, corner_web_ring, cheibrodos_gnoll_hut,
          uniq_menkaure
D:6:      minmay_chambers_of_fours, layout_basic, grunt_temple_overflow_open,
          hellmonk_ghost_happy_afterlife, uniq_edmund
Temple:   nicolae_temple_x_marks_the_god

Skill      XL: |  1  2  3  4  5  6  7  8 |
---------------+-------------------------+-----
Stealth        | 3 4 5 |  5.0
Dodging        | 3 4 |  4.8
Conjurations   | 2 3 4 5 |  5.4
Spellcasting   | 3 4 5 |  5.3
Fire Magic     | 4 5 |  5.2
Hexes          | 2 4 |  4.1

Action                     |  1- 3 |  4- 6 |  7- 9 || total
---------------------------+-------+-------+-------++-------
  Melee: Dagger            |   102 |    14 |    39 ||   155
         Constrict         |    16 |     3 |    10 ||    29
         Tentacles         |    27 |     2 |     7 ||    36
         Punch             |     1 |       |       ||     1
   Cast: Foxfire           |    17 |    29 |    34 ||    80
         Scorch            |       |    13 |    24 ||    37
         Inner Flame       |       |       |     2 ||     2
   Stab: Sleeping          |    10 |     1 |     5 ||    16
 Armour: Skin              |    29 |    11 |    17 ||    57
  Dodge: Dodged            |    39 |    13 |    56 ||   108

Table legend: (Time is in decaauts)
 A = Elapsed time spent in this place.
 B = Non-inter-level travel time spent in this place.
 C = Inter-level travel time spent in this place.
 D = Time resting spent in this place.
 E = Time spent auto-exploring this place.
 F = Levels seen in this place.
 G = Mean time per level.
                   A        B        C        D        E       F      G
               +--------+--------+--------+--------+--------+-----+--------+
         Total |   4508 |   4444 |     64 |     70 |   3294 |   7 |  644.0 |
       Dungeon |   4492 |   4428 |     64 |     70 |   3294 |   6 |  748.7 |
        Temple |     16 |     16 |      0 |      0 |      0 |   1 |   16.0 |
               +--------+--------+--------+--------+--------+-----+--------+

Top non-repeatable levels by time:
     D:5: 1465 daAuts
     D:4: 1040 daAuts
     D:1: 744 daAuts
     D:6: 515 daAuts
     D:2: 429 daAuts
     D:3: 295 daAuts
  Temple: 16 daAuts
